 Dungeon Crawl Stone Soup version 0.31.0-32-g396128a36d (webtiles) character file.

Game seed: 15253666563114311585

4064 AngryAbbot the Frost Mage (level 10, -3/66 HPs)
             Began as an Octopode Ice Elementalist on Apr 10, 2024.
             Was a Follower of Uskayaw.
             Killed from afar by Maggie (19 damage)
             ... with a bolt of fire
             ... on level 8 of the Dungeon.
             The game lasted 00:20:11 (9330 turns).

AngryAbbot the Frost Mage (OpIE)                    Turns: 9330, Time: 00:20:13

Health: -3/66      AC: 13    Str:  7    XL:     10   Next: 25%
Magic:  1/14       EV: 17    Int: 23    God:    Uskayaw [*.....]
Gold:   689        SH:  0    Dex: 12    Spells: 5/15 levels left

rFire   . .          .
                       - Unarmed
rCold   . . .        (shield currently unavailable)
rNeg    . . .        (helmet restricted)
rPois   +            h - amulet of faith {!P}
rElec   .            T - +4 ring of protection
rCorr   .            P - ring of poison resistance
SInv    .            (no ring)
Will    .....        (no ring)
Stlth   ++           (no ring)
HPRegen 0.31/turn    (no ring)
MPRegen 0.14/turn    (no ring)
                     (no ring)

%: faith
@: ice-armoured, flux-form, freezing walls, mesmerised, glowing
A: glow, contaminating, almost no armour, amphibious, 8 rings, camouflage 1,
gelatinous body 1, (nimble swimmer 1), tentacles
a: Begin Untransformation, Renounce Religion, Stomp


You were on level 8 of the Dungeon.
You worshipped Uskayaw.
Uskayaw was noncommittal.
You were something dangerously unstable.
You visited 1 branch of the dungeon, and saw 8 of its levels.

You collected 689 gold pieces.


Innate Abilities, Weirdness & Mutations

You are something dangerously unstable.
You glow with magical radiation, making you easy to see and hit.
Foes you strike become dangerously contaminated with magical radiation.
You are incapable of wielding weapons or throwing items.
You cannot wear most types of armour.
You are amphibious.
You can wear up to eight rings at the same time.
Your skin changes colour to match your surroundings (Stealth+).
Your rubbery body absorbs attacks. (AC +1, EV +1)
((You are camouflaged when in or above water. (Stealth+)))
You have tentacles for arms and can constrict up to eight enemies at once.


   Skills:
 + Level 5.1 Fighting
 + Level 2.2 Dodging
 + Level 3.1 Stealth
 + Level 5.1 Unarmed Combat
 - Level 3.0 Spellcasting
 + Level 2.2 Summonings
 - Level 8.0 Ice Magic
 - Level 5.0 Invocations
 - Level 3.0 Evocations
 + Level 7.0 Shapeshifting


You had 5 spell levels left.
You knew the following spells:

 Your Spells              Type           Power      Damage    Failure   Level
b - Summon Ice Beast      Ice/Summ       27%        N/A       4%          3
f - Freeze                Ice            100%       1d10      1%          1
o - Ozocubu's Armour      Ice            40%        N/A       1%          3
r - Frozen Ramparts       Ice            80%        1d13      1%          3

Your spell library contained the following spells:

 Spells                   Type           Power      Damage    Failure   Level
 Hailstorm                Conj/Ice       21%        3d7       7%          3

Inventory:

Missiles
 b - 6 curare-tipped darts (quivered) {=f}
 e - 25 poisoned darts
Jewellery
 h - an amulet of faith (around mantle) {!P}
 P - a ring of poison resistance (right tentacle)
 T - a +4 ring of protection (left tentacle)
Talismans
 n - a flux talisman (active)
Wands
 q - a wand of iceblast (26)
 s - a wand of paralysis (9)
Scrolls
 d - 6 scrolls of teleportation {unknown}
 f - 5 scrolls of fear
 m - a scroll of fog {unknown}
 p - 2 scrolls of revelation {unknown}
 r - 3 scrolls of blinking {unknown}
 t - a scroll of torment {unknown}
 u - a scroll of vulnerability {unknown}
 v - a scroll of acquirement {unknown}
 x - a scroll of noise {unknown}
Potions
 a - 3 potions of magic
 c - 2 potions of heal wounds {@q2}
 g - a potion of invisibility
 i - 3 potions of ambrosia
 j - a potion of mutation
 k - 2 potions of cancellation
 l - a potion of resistance
 o - 3 potions of attraction
 z - a potion of lignification

Dungeon Overview and Level Annotations

Branches:
Dungeon (8/15)             Temple (0/1) D:5
   Lair: D:8-11

Altars:
Fedhas
Uskayaw

Shops:
D:7 (

Annotations:
D:8 Maggie

... ... ..# .. ..^
#.### .# #.. #.#.. ..
..####.#.# . ...##.#.#
.# # #.##.#.# #.#
#.##..#.#.###..#####
#.#........Yp....:..
#......>...#@.......
###.###+#+##........
#####.##.....#........
+......+.....#........
#####.##.....#........
#.##.....#........
#.##.....#........
#.##.....#


You could see Maggie (mesmerising, contam, ally target) and a friendly ice beast
(summoned).


Message History

Casting: Ozocubu's Armour (safe; 1% risk of failure)
Confirm with . or Enter, or press ? or * to list all spells.
A chill wind blows around you.
Unknown command.
Your icy armour cracks and falls away as you move.
Casting: Summon Ice Beast (dangerous; 4% risk of failure)
Confirm with . or Enter, or press ? or * to list all spells.
A film of ice covers your body!
Casting: Ozocubu's Armour (safe; 1% risk of failure)
Confirm with . or Enter, or press ? or * to list all spells.
Casting: Frozen Ramparts (safe; 1% risk of failure)
Press: ? - help, Dir - look around, f - activate The walls around you are covered in ice.
The wall freezes Maggie!
Maggie closely misses you. Maggie closely misses your ice beast.
Your ice beast barely misses Maggie.
Unknown command.
You barely miss Maggie. Your grab misses Maggie.
Maggie is almost dead.
The wall freezes Maggie.
Maggie gestures at you while chanting. The bolt of fire hits you!
* * * LOW HITPOINT WARNING * * *
The heat melts your icy armour.
You tentacle-slap Maggie but do no damage.
Maggie begins to glow.
Your grab misses Maggie. You squeeze Maggie.
Maggie is almost dead.
Your ice beast barely misses Maggie.
The wall freezes Maggie.
Maggie gestures at you while chanting. The bolt of fire hits you!!
You die...

Skill      XL: |  1  2  3  4  5  6  7  8  9 10 |
---------------+-------------------------------+-----
Fighting       | 1 2 5 |  5.1
Ice Magic      | 5 6 7 8 |  8.0
Spellcasting   | 3 |  3.0
Unarmed Combat | 2 4 5 |  5.1
Shapeshifting  | 4 7 |  7.0
Summonings     | 2 |  2.2
Invocations    | 1 5 |  5.0
Evocations     | 2 3 |  3.0
Stealth        | 3 |  3.1
Dodging        | |  2.2

Action                     |  1- 3 |  4- 6 |  7- 9 | 10-12 || total
---------------------------+-------+-------+-------+-------++-------
  Melee: Unarmed           |    91 |   142 |   200 |    16 ||   449
         Constrict         |    21 |    32 |    41 |     2 ||    96
         Tentacles         |    22 |    32 |    66 |     8 ||   128
         Punch             |     3 |     1 |     2 |       ||     6
  Throw: Dart              |     4 |     6 |    11 |       ||    21
   Cast: Frozen Ramparts   |       |     8 |    31 |     5 ||    44
         Ozocubu's Armour  |       |     2 |    25 |     6 ||    33
         Summon Ice Beast  |       |       |    15 |     7 ||    22
  Evoke: Wand              |       |       |     1 |       ||     1
    Use: Scroll            |       |     1 |     7 |     1 ||     9
         Potion            |       |       |     1 |       ||     1
   Stab: Sleeping          |    10 |     9 |     3 |       ||    22
         Paralysed         |       |     2 |    16 |       ||    18
         Distracted        |       |     1 |       |       ||     1
 Armour: Skin              |    32 |    56 |    99 |    10 ||   197
  Dodge: Dodged            |    64 |    75 |   144 |    13 ||   296
   Form: Flux              |       |       |     1 |       ||     1

Levels and vault maps discovered:
D:1:      shiori_shiawase, layout_loops_ring,
          shapermc_ecumenical_altar_starsandcircs
D:2:      minmay_inner_zag, layout_loops_ring, uniq_terence
D:3:      layout_loops_corners, serial_bayou, serial_bayou_pond_d,
          serial_bayou_shore_a, serial_bayou_shore_b, serial_bayou_lagoon_a
D:4:      minmay_clustersquares, layout_loops_ring
D:5:      minmay_polygon_palace, layout_loops_cross,
          minmay_temple_entry_butterflies
D:6:      layout_basic, fedhas_bush_and_centaur_altar
D:7:      layout_rooms, nicolae_uskayaw_dance_studio, serial_shops, shop,
          st_stairs_6
D:8:      cheibrodos_ideogram_h, layout_basic, nicolae_qazlal_style_of_elements,
          chequers_temple_overflow_statue_of_worship, uniq_pikel, uniq_maggie,
          uniq_erica

Notes
Turn   | Place    | Note
-------+----------+-------------------------------------------
     0 | D:1      | AngryAbbot the Octopode Ice Elementalist began the quest
                  | for the Orb.
     0 | D:1      | Reached XP level 1. HP: 11/11 MP: 3/3
    70 | D:1      | Found a faded altar of an unknown god.
    85 | D:1      | Prayed at the altar of an unknown god.
    85 | D:1      | Became a worshipper of Uskayaw the Reveller
    85 | D:1      | Reached * piety under Uskayaw
   114 | D:1      | Reached ** piety under Uskayaw
   115 | D:1      | Reached skill level 1 in Fighting
   227 | D:1      | Reached XP level 2. HP: 18/18 MP: 5/5
   380 | D:1      | Reached skill level 2 in Fighting
   383 | D:1      | HP: 1/19 [goblin/+0 club (3)]
   386 | D:1      | Reached *** piety under Uskayaw
   583 | D:1      | Reached XP level 3. HP: 18/24 MP: 6/6
   905 | D:1      | Learned a level 3 spell: Frozen Ramparts
  1005 | D:2      | Noticed Terence
  1011 | D:2      | Killed Terence
  1012 | D:2      | Reached skill level 5 in Ice Magic
  1012 | D:2      | Reached XP level 4. HP: 29/29 MP: 7/7
  1490 | D:2      | Reached **** piety under Uskayaw
  1493 | D:2      | Reached ***** piety under Uskayaw
  1608 | D:2      | Reached XP level 5. HP: 22/34 MP: 8/8
  1914 | D:2      | Reached skill level 6 in Ice Magic
  2958 | D:3      | Reached XP level 6. HP: 38/39 MP: 9/9
  3000 | D:3      | Learned a level 3 spell: Ozocubu's Armour
  3010 | D:3      | Noticed a water moccasin
  3017 | D:3      | Killed a water moccasin
  3175 | D:3      | Reached skill level 7 in Ice Magic
  3507 | D:4      | Reached skill level 3 in Spellcasting
  3567 | D:4      | Reached skill level 2 in Unarmed Combat
  3567 | D:4      | Reached XP level 7. HP: 45/45 MP: 4/11
  3645 | D:4      | Reached skill level 1 in Shapeshifting
  3692 | D:4      | Reached skill level 2 in Shapeshifting
  3768 | D:4      | Reached skill level 3 in Shapeshifting
  4167 | D:4      | Reached skill level 4 in Shapeshifting
  4201 | D:4      | Learned a level 3 spell: Summon Ice Beast
  4287 | D:4      | Reached XP level 8. HP: 50/50 MP: 12/12
  4297 | D:4      | Reached skill level 1 in Summonings
  4709 | D:5      | Entered Level 5 of the Dungeon
  4848 | D:5      | Reached skill level 2 in Summonings
  4919 | D:5      | Reached skill level 5 in Shapeshifting
  4928 | D:5      | Reached ****** piety under Uskayaw
  5109 | D:5      | Reached skill level 6 in Shapeshifting
  5612 | D:5      | Reached skill level 7 in Shapeshifting
  5903 | D:5      | Reached skill level 1 in Invocations
  6100 | D:5      | Found a staircase to the Ecumenical Temple.
  6227 | D:6      | HP: 1/51 [steam dragon/ball of steam (6)]
  6233 | D:6      | Reached XP level 9. HP: 16/55 MP: 8/13
  6660 | D:6      | Reached skill level 3 in Fighting
  6660 | D:6      | Reached skill level 3 in Unarmed Combat
  6660 | D:6      | Reached skill level 2 in Invocations
  7036 | D:6      | Reached skill level 3 in Invocations
  7123 | D:6      | Found a blossoming altar of Fedhas.
  7435 | D:6      | Identified a potion of resistance
  7500 | D:6      | Reached skill level 4 in Fighting
  7500 | D:6      | Reached skill level 4 in Unarmed Combat
  7608 | D:6      | Reached skill level 4 in Invocations
  7840 | D:6      | Reached skill level 1 in Evocations
  8269 | D:7      | Reached skill level 2 in Evocations
  8395 | D:7      | Reached skill level 5 in Fighting
  8395 | D:7      | Reached skill level 5 in Invocations
  8395 | D:7      | Reached XP level 10. HP: 41/66 MP: 2/14
  8760 | D:7      | Found Innorunn's Antique Weapon Shoppe.
  8801 | D:7      | Found a hide-covered altar of Uskayaw.
  8812 | D:7      | Reached skill level 5 in Unarmed Combat
  8812 | D:7      | Reached skill level 3 in Evocations
  8923 | D:8      | Reached skill level 8 in Ice Magic
  9052 | D:8      | Reached skill level 3 in Stealth
  9314 | D:8      | Noticed Maggie
  9330 | D:8      | Killed from afar by Maggie

Vanquished Creatures
  A steam dragon (D:6)
  3 water moccasins
  2 sky beasts (D:7)
  2 ice beasts
  An orc warrior (D:8)
  4 ogres
  2 centaurs
  A phantom (D:5)
  2 kobold brigands
  3 bullfrogs (D:7)
  4 scorpions
  5 wights (D:6)
  A howler monkey (D:5)
  4 jellies
  7 bombardier beetles
  5 hounds
  3 orc priests
  4 sleepcaps
  Terence (D:2)
  9 iguanas
  2 orc wizards
  13 adders
  7 gnolls
  An ufetubus (D:5)
  3 ribbon worms
  4 dart slugs
  16 orcs
  5 ball pythons
  A bat (D:2)
  9 endoplasms
  6 giant cockroaches
  9 goblins
  7 hobgoblins
  3 jackals
  15 kobolds
  5 quokkas
  3 frilled lizards
  9 rats
182 creatures vanquished.

Vanquished Creatures (collateral kills)
  A steam dragon (D:8)
  A bullfrog (D:8)
  A bombardier beetle (D:6)
  4 orc priests
  A gnoll bouda (D:7)
  2 orc wizards
  2 gnolls (D:6)
  5 orcs
  A kobold (D:7)
18 creatures vanquished.

Grand Total: 200 creatures vanquished

Table legend: (Time is in decaauts)
 A = Elapsed time spent in this place.
 B = Non-inter-level travel time spent in this place.
 C = Inter-level travel time spent in this place.
 D = Time resting spent in this place.
 E = Time spent auto-exploring this place.
 F = Levels seen in this place.
 G = Mean time per level.
                   A        B        C        D        E       F      G
               +--------+--------+--------+--------+--------+-----+--------+
         Total |   9317 |   9121 |    196 |   1846 |   5865 |   8 | 1164.6 |
       Dungeon |   9317 |   9121 |    196 |   1846 |   5865 |   8 | 1164.6 |
               +--------+--------+--------+--------+--------+-----+--------+

Top non-repeatable levels by time:
     D:6: 1993 daAuts
     D:2: 1450 daAuts
     D:5: 1435 daAuts
     D:4: 1205 daAuts
     D:3: 1151 daAuts
     D:1: 898 daAuts
     D:7: 863 daAuts
     D:8: 318 daAuts

Table legend:
 A = Non-vault XP
 B = Vault XP
 C = Vault XP percentage of total XP
 D = Non-vault monster count
 E = Vault monster count
 F = Vault count percentage of total count
                 A         B        C        D         E       F
            +---------+---------+-------+---------+---------+-------
      Total |    4538 |    1269 |  21.9 |     158 |      42 |  21.0
            +---------+---------+-------+---------+---------+-------
        D:1 |      55 |       0 |   0.0 |      24 |       0 |   0.0
        D:2 |     118 |      59 |  33.3 |      21 |       7 |  25.0
        D:3 |     252 |       0 |   0.0 |      22 |       0 |   0.0
        D:4 |     477 |     297 |  38.4 |      16 |      10 |  38.5
        D:5 |     426 |     612 |  59.0 |      10 |      16 |  61.5
        D:6 |    1439 |     108 |   7.0 |      31 |       1 |   3.1
        D:7 |    1099 |     193 |  14.9 |      22 |       8 |  26.7
        D:8 |     672 |       0 |   0.0 |      12 |       0 |   0.0
            +---------+---------+-------+---------+---------+-------
